 Dungeon Crawl Stone Soup version 0.31-a0-236-g9a0961fb85 (webtiles) character file.

Game seed: 16284672092818682381

64 Cidec the Chopper (level 3, 0/27 HPs)
             Began as a Demonspawn Gladiator on July 10, 2023.
             Slain by an orc
             ... wielding a +0 flail
              (6 damage)
             ... on level 2 of the Dungeon.
             The game lasted 00:02:23 (1391 turns).

Cidec the Chopper (Demonspawn Gladiator)            Turns: 1391, Time: 00:02:24

Health: 0/27       AC:  3    Str: 16    XL:     3   Next: 91%
Magic:  3/3        EV: 12    Int:  9    God:
Gold:   75         SH:  0    Dex: 14    Spells: 2/2 levels left

rFire   . . .        l - +0 battleaxe
rCold   . . .        (shield currently unavailable)
rNeg    . . .        b - +0 leather armour
rPois   .            (helmet restricted)
rElec   .            (no cloak)
rCorr   .            (no gloves)
SInv    .            (no boots)
Will    .....        (no amulet)
Stlth   +            (no ring)
HPRegen 0.24/turn    (no ring)
MPRegen 0.08/turn

%: no passive effects
@: lethally poisoned (0 -> -4)
A: horns 1
a: no special abilities


You were on level 2 of the Dungeon.
You visited 1 branch of the dungeon, and saw 2 of its levels.

You collected 75 gold pieces.

Inventory:

Hand Weapons
 a - a +0 war axe
 l - a +0 battleaxe (weapon)
Missiles
 d - 3 throwing nets (quivered)
 e - a javelin
Armour
 b - a +0 leather armour (worn)
 c - a +0 helmet
Jewellery
 o - an amulet of regeneration
Scrolls
 f - a scroll of teleportation
 g - a scroll of revelation {unknown}
 i - a scroll of fear {unknown}
Potions
 h - 2 potions of curing {unknown}
 j - a potion of ambrosia {unknown}
 k - 2 potions of enlightenment {unknown}
 m - a potion of attraction {unknown}
 n - 2 potions of haste {unknown}


   Skills:
 - Level 2.0 Fighting
 + Level 4.4 Axes
 - Level 1.7 Throwing
 - Level 2.6 Dodging
 + Level 0.1 Stealth


You had 2 spell levels left.
You didn't know any spells.
Your spell library was empty.

Dungeon Overview and Level Annotations

Branches:
Dungeon (2/15)

Altars:

Shops:
D:2 [*:


Innate Abilities, Weirdness & Mutations

You have a pair of small horns on your head.


Message History

No target in view!
No target in view!
No target in view!
Found Siuwkarch's Book Shoppe.
There is an entrance to Siuwkarch's Book Shoppe here.
You see here a worm corpse.
You open the door.
There is an open door here.
You open the door.
There is an open door here.
There is an open door here.
You open the large door. 2 orcs and an adder come into view.
The orc shouts! x2
The adder moves out of view.
The adder bites you.
There is a large open door here.
You miss the adder. Your headbutt misses the adder.
The adder barely misses you. The adder bites you.
You closely miss the adder. You headbutt the adder.
The adder is lightly wounded.
The adder barely misses you. The adder bites you but does no damage.
You closely miss the adder. You headbutt the adder.
The adder is heavily wounded.
The adder bites you.
You are poisoned.
The adder poisons you! The adder misses you.
You barely miss the adder.
The adder is heavily wounded.
You feel very sick. The adder bites you.
You are more poisoned.
The adder poisons you!
You miss the adder. You headbutt the adder.
You kill the adder!
You feel very sick.
You closely miss the orc.
You feel sick. The orc hits you with a +0 flail.
* * * LOW HITPOINT WARNING * * *
The orc hits you with a +0 flail.
You die...

#####........
###..^..## ##.##....##
#...##...##
##.####..## #
######'#####.##
#.##++##.#8#.8.#8##...
#......#...#.#...'..#
#.##'@##.#8#.8.#8##.##
#.##o############.#
#...o# ##..## #......
##..... #.8..8.#
##....## ##....##
##....... ######
#......## ########


You could see 2 orcs.

Vanquished Creatures
  2 adders (D:2)
  A gnoll (D:1)
  A worm (D:2)
  3 ball pythons
  2 endoplasms
  A giant cockroach (D:1)
  3 goblins
  3 hobgoblins
  2 quokkas (D:1)
  5 bats
  2 frilled lizards (D:1)
  3 kobolds
  3 rats
31 creatures vanquished.

Notes
Turn   | Place    | Note
-------+----------+-------------------------------------------
     0 | D:1      | Cidec the Demonspawn Gladiator began the quest for the Orb.
     0 | D:1      | Reached XP level 1. HP: 16/16 MP: 1/1
    93 | D:1      | Reached skill level 3 in Axes
   156 | D:1      | Gained mutation: You have a pair of small horns on your
                  | head. [demonic ancestry]
   156 | D:1      | Reached XP level 2. HP: 22/22 MP: 2/2
   829 | D:2      | Found Yliydd's Assorted Antiques.
   879 | D:2      | Reached XP level 3. HP: 26/27 MP: 3/3
   909 | D:2      | Found Anishadd's Antique Armour Shoppe.
   925 | D:2      | Reached skill level 4 in Axes
  1316 | D:2      | Found Siuwkarch's Book Shoppe.
  1391 | D:2      | Slain by an orc

Illustrated notes

Levels and vault maps discovered:
D:1:      tarquinn_simple_flora_water_b, layout_loops_cross, minmay_distorted
D:2:      layout_basic, serial_shops, shop, nicolae_lakefront_shop,
          nicolae_shop_getting_attention, basic_altar, wad_orctagon

Skill      XL: |  1  2  3 |
---------------+----------+-----
Axes           | 3 4 |  4.4
Fighting       | |  2.0
Throwing       | |  1.7
Dodging        | |  2.6
Stealth        | |  0.1

Action                     || total
---------------------------++-------
  Melee: War axe           ||    50
         Headbutt          ||    10
         Battleaxe         ||    38
    Use: Scroll            ||     1
 Armour: Leather armour    ||    27
  Dodge: Dodged            ||    73

Table legend: (Time is in decaauts)
 A = Elapsed time spent in this place.
 B = Non-inter-level travel time spent in this place.
 C = Inter-level travel time spent in this place.
 D = Time resting spent in this place.
 E = Time spent auto-exploring this place.
 F = Levels seen in this place.
 G = Mean time per level.
                   A        B        C        D        E       F      G
               +--------+--------+--------+--------+--------+-----+--------+
         Total |   1425 |   1359 |     66 |     54 |   1054 |   2 |  712.5 |
       Dungeon |   1425 |   1359 |     66 |     54 |   1054 |   2 |  712.5 |
               +--------+--------+--------+--------+--------+-----+--------+

Top non-repeatable levels by time:
     D:1: 815 daAuts
     D:2: 609 daAuts
